 Dungeon Crawl Stone Soup version 0.17-a0-913-g36eb389 (webtiles) character file.

24 drasked the Chucker (level 3, -14/36 HPs)
             Began as an Ogre Hunter on May 3, 2015.
             Demolished by a goblin
             ... wielding a +0 dagger of electrocution
              (18 damage)
             ... on level 1 of the Dungeon.
             The game lasted 00:03:52 (827 turns).

drasked the Chucker (Ogre Hunter)                    Turns: 827, Time: 00:03:52

Health: -14/36     AC:  3    Str: 18    XL:     3   Next: 2%
Magic:  3/3        EV: 10    Int: 10    God:
Gold:   66         SH:  0    Dex: 10    Spells: 0 memorised, 2 levels left

rFire  . . .     SeeInvis .     g - +0 club
rCold  . . .     Clarity  .     d - +0 robe
rNeg   . . .     SustAb   .     (no shield)
rPois  .         Gourm    +     (helmet restricted)
rElec  .         Spirit   .     (no cloak)
rCorr  .         Warding  .     (gloves unavailable)
rMut   .         Stasis   .     (boots unavailable)
MR     .....                    j - amulet of the gourmand (curse) {Gourm, !d}
Stlth  +.........               (no ring)
                                (no ring)

@: not resistant to hostile enchantments, very unstealthy
A: unfitting armour, tough skin 1
a: no special abilities


You were on level 1 of the Dungeon.
You were not hungry.

You visited 1 branch of the dungeon, and saw 1 of its levels.

You collected 66 gold pieces.

Inventory:

Hand weapons
 g - a +0 club (weapon)
   (You took it off a kobold on level 1 of the Dungeon)
Missiles
 b - 4 large rocks (quivered) {!d}
 c - 2 throwing nets {=f, !d}
Armour
 d - a +0 robe (worn)
Jewellery
 j - a cursed amulet of the gourmand (around neck) {Gourm, !d}
   (You found it on level 1 of the Dungeon)
 m - a cursed ring of teleportation {unknown}
   (You found it on level 1 of the Dungeon)
Scrolls
 k - a scroll of recharging {unknown}
 l - 2 scrolls of fog {unknown}
 n - 2 scrolls of remove curse {unknown}
 o - a scroll of teleportation {unknown}
 p - a scroll of noise {unknown}
Potions
 a - a potion of invisibility {unknown}
 f - a potion of brilliance {unknown}
 h - a potion of magic {unknown}
 i - a potion of heal wounds {unknown}
Comestibles
 e - 2 bread rations {@e1}


   Skills:
 - Level 2.6 Fighting
 + Level 2.9 Maces & Flails
 - Level 4.3 Throwing
 - Level 2.0 Dodging
 - Level 1.0 Stealth


You had 2 spell levels left.
You didn't know any spells.

Dungeon Overview and Level Annotations

Branches:
Dungeon (1/15)

Altars:


Innate Abilities, Weirdness & Mutations

You are too large for most types of armour.
You have tough skin (AC +1).


Message History

The bat barely misses you. The bat completely misses you.
The bat hits you but does no damage.
You closely miss the bat. The bat hits you.
You take 1 damage, and have 28/29 hp.
You closely miss the bat. The bat hits you but does no damage.
The bat misses you.
You closely miss the bat. The bat completely misses you.
The bat barely misses you.
No target in view!
No target in view!
No target in view!
You may need something to eat soon, looking for food.
Things that are here:
a club; a goblin corpse No target in view!
No target in view!
No target in view!
Autochopping corpse.
You butcher the goblin corpse.
q - 2 chunks of flesh {@w0}
Things that are here:
a club; a goblin skeleton Autoeating chunks.
Eating one of 2 chunks of flesh {@w0}.
This raw flesh tastes very good.
You continue eating. x2
Autoeating chunks.
Eating a chunk of flesh {@w0}.
This raw flesh tastes very good.
You continue eating. x2
Health restored: 29 You may need something to eat soon, looking for food.
Can't find anything matching that.
Sorry, you're not good enough to have a special ability.
The bat is too close now for your liking.
A bat is nearby!
A bat is nearby!
A bat is nearby!
A bat is nearby!
The bat misses you.
You closely miss the bat. The bat hits you but does no damage.
The bat hits you but does no damage.
You barely miss the bat. The bat hits you but does no damage.
The bat hits you but does no damage.
You barely miss the bat. The bat barely misses you. The bat barely misses you.
You hit the bat.
You kill the bat!
No target in view!
No target in view!
You may need something to eat soon, looking for food.
You see here a bat corpse.
Autochopping corpse.
You butcher the bat corpse.
q - a chunk of flesh {@w0} You see here a bat skeleton.
Autoeating chunks.
Eating a chunk of flesh {@w0}.
This raw flesh tastes very good.
You continue eating. x2
A goblin and a hobgoblin come into view.
The goblin shouts!
The hobgoblin shouts!
There are monsters nearby!
There are monsters nearby!
There are monsters nearby!
There are monsters nearby!
You barely miss the hobgoblin. The hobgoblin closely misses you.
You hit the hobgoblin. The hobgoblin hits you with a club.
You take 6 damage, and have 23/29 hp.
MASSIVE DAMAGE!!
You hit the hobgoblin but do no damage. The hobgoblin closely misses you.
You completely miss the hobgoblin. The hobgoblin hits you with a club.
You take 1 damage, and have 22/29 hp.
You barely miss the hobgoblin. The hobgoblin hits you with a club.
You take 1 damage, and have 21/29 hp.
You hit the hobgoblin. The hobgoblin hits you with a club.
You take 3 damage, and have 18/29 hp.
You hit the hobgoblin but do no damage.
The hobgoblin hits you but does no damage.
You hit the hobgoblin.
You kill the hobgoblin!
You have reached level 3!
Your experience leads to an increase in your attributes!
Increase (S)trength, (I)ntelligence, or (D)exterity?
You feel stronger. x2
You regained 4 hp, and now have 22/36 hp.
MP restored: 3 You barely miss the goblin.
The goblin misses you.
You closely miss the goblin.
The goblin hits you with a dagger of electrocution.
You are electrocuted!
* * * LOW HITPOINT WARNING * * *
You take 15 damage, and have 7/36 hp.
MASSIVE DAMAGE!!
Quiver which item? (- for none, * to show all) (? for menu, Esc to quit)
Okay, then.
Aim: a goblin, wielding a dagger of electrocution You throw a large rock {!d}.
The large rock {!d} closely misses the goblin.
The goblin hits you with a dagger of electrocution.
* * * LOW HITPOINT WARNING * * *
You are electrocuted!
Ouch! That really hurt!
You die...

....≈####.##.###.#
♣#♣♣## #..÷.....#
≈♣ #..#.##### ##
#..#.# #..#.#
#..#.# #..#.#####
...#.....#
##.#####@# #.# #g#
#.# #.# #.# ..#
#.# #(# ###


You could see a goblin.

Vanquished Creatures
  An ooze (D:1)
  2 bats (D:1)
  3 goblins (D:1)
  2 hobgoblins (D:1)
  A ball python (D:1)
  4 giant cockroaches (D:1)
  2 giant newts (D:1)
  2 kobolds (D:1)
  4 rats (D:1)
21 creatures vanquished.

Notes
Turn   | Place    | Note
--------------------------------------------------------------
     0 | D:1      | drasked, the Ogre Hunter, began the quest for the Orb.
     0 | D:1      | Reached XP level 1. HP: 22/22 MP: 1/1
   272 | D:1      | Reached skill level 1 in Stealth
   276 | D:1      | Reached skill level 2 in Dodging
   414 | D:1      | Reached skill level 1 in Maces & Flails
   414 | D:1      | Reached XP level 2. HP: 27/29 MP: 2/2
   577 | D:1      | Reached skill level 2 in Maces & Flails
   824 | D:1      | Reached XP level 3. HP: 22/36 MP: 3/3
   826 | D:1      | HP: 7/36 [goblin/dagger of electrocution (14)]
   827 | D:1      | Demolished by a goblin

Action                   || total
-------------------------++-------
Melee: Club              ||    83
       Unarmed           ||    10
Throw: Large rock        ||     1
  Eat: Chunk             ||     5

Vault maps used:
D:1:      saegor_arrival_under_anarchy

Table legend:
 A = Turns spent in this place as a percentage of turns spent in the entire game.
 B = Non-inter-level travel turns spent in this place as a percentage of non-inter-level travel turns spent in the entire game.
 C = Inter-level travel turns spent in this place as a percentage of turns spent in this place.
 D = Turns resting spent in this place as a percentage of non-inter-level travel turns spent in this place.
 E = Turns spent auto-exploring this place as a percentage of non-inter-level travel turns spent in this place.
 F = Non-inter-level travel turns spent in this place divided by the number of levels of this place that you've seen.
                   A       B       C       D       E      F
               +-------+-------+-------+-------+-------+----------------------
         Total | 100.0 | 100.0 |   0.9 |   1.9 |   8.0 | 313.0
       Dungeon | 100.0 | 100.0 |   0.9 |   1.9 |   8.0 | 313.0
               +-------+-------+-------+-------+-------+----------------------

Table legend:
 A = Kills in this place as a percentage of kills in entire the game.
 B = Kills by you in this place as a percentage of kills by you in the entire game.
 C = Kills by friends in this place as a percentage of kills by friends in the entire game.
 D = Other kills in this place as a percentage of other kills in the entire game.
 E = Experience gained in this place as a percentage of experience gained in the entire game.
 F = Experience gained in this place divided by the number of levels of this place that you have seen.
                   A       B       C       D       E      F
               +-------+-------+-------+-------+-------+----------------------
         Total | 100.0 | 100.0 |  -nan |  -nan | 100.0 |  35.0
       Dungeon | 100.0 | 100.0 |  -nan |  -nan | 100.0 |  35.0
               +-------+-------+-------+-------+-------+----------------------
